Map: Automaton LE

Players

Wailord - Winner!

  • Race: Zerg Zerg
  • League: Master
  • Spawn Location: 9:00

Fran

  • Race: Terran Terran
  • Spawn Location: 3:00

VOD

Have the link to the VOD?

Description

Time

  • Played on: April 27, 2019, 2:24 p.m.
  • Length: 9:43
Show
View Real Time Build Order
Export as new Build Order

Wailord Zerg - Winner!

Build Orders: Hatch First 

Get SALT Encoding   

  12  0:00  Drone  
  13  0:13  Overlord  
  13  0:18  Drone  
  14  0:31  Drone x2  
  14  0:35  Drone  
  17  0:55  Hatchery  
  17  0:57  Drone  
  17  1:00  Drone  
  18  1:04  Extractor  
  17  1:19  Spawning Pool  
  17  1:20  Drone  
  17  1:22  Drone  
  18  1:29  Drone  
  19  1:39  Overlord  
  19  1:50  Drone  
  20  2:05  Queen  
  20  2:07  Queen  
  20  2:08  Zergling x4  
  26  2:11  Metabolic Boost  
  26  2:20  Drone x2  
  28  2:24  Drone  
  28  2:28  Drone  
  30  2:33  Drone  
  31  2:41  Pneumatized Carapace  
  31  2:42  Drone  
  32  2:45  Queen  
  32  2:50  Overlord  
  34  2:53  Drone  
  34  2:57  Drone  
  36  3:03  Overlord  
  36  3:28  Zergling x4  
  36  3:29  Zergling x6  
  36  3:33  Hatchery  
  40  3:34  Drone x4  
  40  3:41  Evolution Chamber  
  43  3:51  Zergling x2  
  43  3:53  Overlord x2  
  43  3:57  Lair  
  43  4:11  Zergling x2, Zerg Melee Weapons Level 1  
  43  4:12  Zergling x10  
  49  4:27  Zergling x8  
  54  4:31  Drone  
  54  4:33  Drone  
  54  4:34  Baneling Nest, Drone x2  
  54  4:35  Extractor  
  54  4:37  Drone  
  56  4:48  Spore Crawler  
  56  4:50  Drone  
  56  4:51  Spore Crawler  
  55  4:53  Drone x4  
  55  4:54  Drone  
  55  4:59  Drone x2  
  62  5:07  Drone  
  62  5:08  Drone x2  
  65  5:19  Hydralisk Den  
  65  5:20  Extractor  
  65  5:21  Drone x2  
  64  5:22  Extractor, Drone  
  64  5:23  Overlord  
  65  5:32  Baneling x6  
  65  5:36  Overlord x2  
  65  5:37  Overlord  
  65  5:45  Drone  
  65  5:46  Drone x5  
  65  5:48  Drone  
  72  5:55  Spore Crawler  
  71  6:01  Hydralisk x2, Grooved Spines  
  75  6:07  Centrifical Hooks  
  75  6:09  Drone  
  76  6:11  Drone  
  76  6:12  Drone  
  76  6:13  Drone  
  79  6:19  Zergling x2  
  79  6:20  Zergling x6  
  79  6:23  Zergling x6  
  86  6:27  Zergling x4  
  86  6:31  Zergling x2  
  86  6:32  Zergling x4  
  91  6:36  Baneling x5  
  91  6:38  Zergling x4  
  93  6:42  Zergling x6  
  96  6:47  Hydralisk  
  87  7:01  Drone  
  87  7:02  Drone x4  
  87  7:03  Hydralisk x2  
  87  7:04  Hydralisk  
  87  7:05  Overlord x2  
  97  7:10  Drone  
  97  7:12  Overlord  
  97  7:14  Zerg Ground Armor Level 1  
  98  7:20  Overlord  
  98  7:21  Overlord  
  97  7:29  Overseer  
  96  7:30  Evolution Chamber  
  96  7:32  Drone x2  
  96  7:33  Drone  
  98  7:38  Hydralisk, Drone  
  98  7:39  Hydralisk x3  
  98  7:42  Muscular Augments  
  98  7:43  Drone  
  98  7:44  Hydralisk  
  108  7:50  Baneling x4  
  108  7:51  Baneling x2  
  110  7:53  Zergling x2  
  110  7:54  Zergling x10  
  110  7:55  Zergling x2  
  117  8:05  Hydralisk x3  
  117  8:07  Extractor  
  122  8:25  Infestation Pit  
  121  8:28  Hatchery  
  121  8:30  Drone x5  
  121  8:31  Extractor  
  121  8:33  Drone  
  121  8:34  Drone x9  
  132  8:36  Zergling x2  
  135  8:41  Zergling x6  
  135  8:43  Overlord  
  138  8:54  Hatchery  
  136  8:57  Zergling x2  
  136  8:59  Overlord x2  
  136  9:00  Overlord  
  111  9:18  Hydralisk x10  
Show
View Real Time Build Order
Export as new Build Order

Fran Terran 

Build Orders:  

Get SALT Encoding   

  12  0:00  SCV  
  13  0:13  SCV  
  14  0:19  Supply Depot  
  14  0:25  SCV  
  15  0:41  SCV  
  16  0:43  Barracks  
  16  0:53  SCV  
  17  0:59  Refinery  
  17  1:06  SCV  
  18  1:18  SCV  
  19  1:31  Orbital Command, Marine  
  20  1:46  Command Center  
  20  1:50  Barracks Reactor  
  20  1:59  Supply Depot, SCV  
  21  2:11  SCV  
  22  2:20  Factory  
  22  2:26  SCV  
  23  2:30  Marine x2  
  23  2:32  Refinery  
  25  2:38  Barracks  
  25  2:43  SCV  
  26  2:48  Marine  
  27  2:55  SCV  
  28  2:58  Orbital Command  
  28  3:07  SCV  
  28  3:09  Factory Tech Lab  
  29  3:17  Starport  
  29  3:19  SCV, Marine x2  
  32  3:28  Refinery  
  32  3:36  Siege Tank, Bunker  
  32  3:40  SCV  
  36  3:41  Marine  
  36  3:46  Barracks Tech Lab  
  36  3:48  SCV  
  38  3:55  SCV  
  38  4:00  Viking, SCV  
  41  4:10  SCV  
  41  4:13  Marine  
  41  4:16  Siege Tank  
  46  4:18  Supply Depot  
  46  4:26  Supply Depot  
  46  4:32  Starport Reactor  
  46  4:35  Engineering Bay  
  46  4:40  SCV x2  
  46  4:45  Supply Depot  
  48  4:49  Stimpack  
  48  4:52  SCV x2  
  50  4:54  Siege Tank  
  50  4:56  Marine  
  54  5:02  Supply Depot  
  54  5:03  Terran Infantry Weapons Level 1  
  54  5:04  SCV x2  
  56  5:11  Medivac  
  56  5:14  Marine x2  
  58  5:16  SCV x2  
  58  5:19  Marine  
  63  5:27  Medivac  
  65  5:32  Marine x2  
  70  5:35  Siege Tank, Barracks  
  70  5:37  Marine  
  70  5:42  SCV x2  
  73  5:45  Medivac  
  73  5:49  Marine  
  75  5:50  Marine  
  75  5:54  SCV  
  78  6:00  Supply Depot x2  
  78  6:05  Supply Depot  
  78  6:14  Supply Depot  
  78  6:21  Medivac x2, SCV, Marine x3  
  78  6:22  SCV  
  78  6:24  Marine  
  88  6:26  Siege Tank  
  91  6:36  Command Center  
  91  6:39  Engineering Bay, Marine  
  92  6:40  Refinery  
  66  7:01  Marine x2  
  66  7:03  SCV x2  
  66  7:05  Terran Infantry Armor Level 1  
  66  7:06  Armory  
  66  7:07  Barracks Reactor  
  70  7:09  Marine  
  70  7:10  Siege Tank  
  70  7:15  SCV x2  
  75  7:19  Marine x2  
  75  7:21  Medivac  
  80  7:27  SCV, Marine  
  82  7:32  Barracks  
  82  7:33  Barracks  
  82  7:36  Combat Shield, Factory  
  82  7:37  Marine x2  
  82  7:38  Liberator  
  84  7:45  Marine x3  
  87  7:55  Marine x2  
  87  7:56  SCV x2  
  94  8:03  Marine  
  95  8:05  Orbital Command  
  95  8:08  SCV  
  95  8:09  SCV  
  95  8:10  Refinery  
  97  8:15  Marine x2  
  97  8:16  Marine x2  
  101  8:20  SCV  
  101  8:21  Marauder, SCV  
  101  8:23  Marine x2  
  107  8:30  Factory Tech Lab  
  107  8:33  SCV x2, Marine  
  110  8:36  Marine x2  
  110  8:37  Siege Tank  
  115  8:43  Marauder  
  115  8:45  Marine  
  115  8:46  Marine  
  119  8:49  Marine  
  119  8:51  Marine  
  119  8:53  Marine  
  117  9:04  Marauder  
  69  9:24  Marine x2  
  69  9:25  Marine x3  
  69  9:31  Command Center, Refinery  
Tags
 
Add a new tag
Caveats
  • Supply blocks, unpowered buildings, or Contaminate may cause inaccurate times.
  • Supply counts are checked every 10 seconds.